 Dungeon Crawl Stone Soup version 0.29-a0-559-g359e09b9d1 (webtiles) character file.

Game seed: 11404400493809146404

21 xian the Slasher (level 2, -18/22 HPs)
             Began as a Demonspawn Gladiator on June 10, 2022.
             Killed by an exploding goblin (40 damage)
             ... ignited by their inner flame
             ... on level 1 of the Dungeon.
             The game lasted 00:02:00 (1064 turns).

xian the Slasher (Demonspawn Gladiator)             Turns: 1064, Time: 00:02:03

Health: -18/22     AC:  4    Str: 14    XL:     2   Next: 65%
Magic:  2/2        EV: 12    Int:  9    God:
Gold:   53         SH:  0    Dex: 14    Spells: 1/1 levels left

rFire   . . .      SeeInvis .   a - +0 long sword (elec)
rCold   . . .      Faith    .   (no shield)
rNeg    . . .      Spirit   .   b - +0 leather armour
rPois   .          Reflect  .   c - +0 helmet
rElec   .          Harm     .   (no cloak)
rCorr   .          Rampage  .   (no gloves)
Will    .....                   (no boots)
Stlth   +.........              (no amulet)
HPRegen 0.07/turn               (no ring)
MPRegen 0.08/turn               (no ring)

@: no status effects
A: spiny 1
a: no special abilities


You were on level 1 of the Dungeon.
You visited 1 branch of the dungeon, and saw 1 of its levels.

You collected 53 gold pieces.

Inventory:

Hand Weapons
 a - a +0 long sword of electrocution (weapon)
Missiles
 d - 3 throwing nets (quivered)
 e - a javelin
Armour
 b - a +0 leather armour (worn)
 c - a +0 helmet (worn)
Potions
 f - a potion of ambrosia {unknown}
 g - a potion of flight {unknown}


   Skills:
 + Level 2.1 Fighting
 + Level 3.1 Long Blades
 + Level 2.0 Throwing
 + Level 3.0 Dodging


You had one spell level left.
You didn't know any spells.
Your spell library was empty.

Dungeon Overview and Level Annotations

Branches:
Dungeon (1/15)

Altars:


Innate Abilities, Weirdness & Mutations

You are partially covered in sharp spines.


Message History

A kobold comes into view. It is wielding a +0 dagger.
Found a scroll labelled NEMIXI QESSIRR.
The kobold throws a stone.
The stone closely misses you.
The kobold throws a stone.
The stone barely misses you.
The kobold throws a stone.
The stone hits you.
You hit the kobold.
The kobold is moderately wounded.
The kobold is struck by your spines.
You kill the kobold!
Things that are here:
a +0 dagger; 5 stones
h - a scroll labelled NEMIXI QESSIRR
Things that are here:
a +0 dagger; 5 stones
As you read the scroll labelled NEMIXI QESSIRR, it crumbles to dust.
It is a scroll of brand weapon.
Your +0 long sword crackles with electricity.
a - a +0 long sword of electrocution (weapon)
Things that are here:
a +0 dagger; 5 stones A bat comes into view.
The bat is struck by your spines. The bat misses you.
You hit the bat.
You kill the bat!
Your Dodging skill increases to level 3!
h - a scroll labelled JEEKLE MAZXIEDWI You now have 53 gold pieces (gained 8).
A goblin comes into view. It is wielding a +0 dagger.
As you read the scroll labelled JEEKLE MAZXIEDWI, it crumbles to dust.
The creatures around you are filled with an inner flame!
It was a scroll of immolation.
The goblin shouts!
Unknown command.
You barely miss the goblin. The goblin is struck by your spines.
Flame seeps out of the goblin.
The goblin closely misses you.
The goblin is engulfed in blazing flames.
The goblin explodes!
The fiery explosion engulfs you!!!
Ouch! That really hurt!
You die...

## .# ## .# .################.#
.##.............#○#
.##.########....@§# .##.#
#.....#### ### ###)# #.....# #..
....# #.....########## #.#
##..######.....##.......# #.#
#.#............##.......#######.#
#......###...................##.#
#...##.#.#....###..........#.##.#
#...##.#...................#....#


There were no monsters in sight!

Vanquished Creatures
  2 endoplasms (D:1)
  2 giant cockroaches (D:1)
  2 goblins (D:1)
  4 hobgoblins (D:1)
  A ball python (D:1)
  5 bats (D:1)
  A frilled lizard (D:1)
  2 kobolds (D:1)
  A rat (D:1)
20 creatures vanquished.

Notes
Turn   | Place    | Note
-------+----------+-------------------------------------------
     0 | D:1      | xian the Demonspawn Gladiator began the quest for the Orb.
     0 | D:1      | Reached XP level 1. HP: 16/16 MP: 1/1
   453 | D:1      | Gained mutation: You are partially covered in sharp spines.
                  | [demonic ancestry]
   453 | D:1      | Reached XP level 2. HP: 22/22 MP: 2/2
   607 | D:1      | Found a faded altar of an unknown god.
  1064 | D:1      | Killed by an exploding goblin... ignited by their inner
                  | flame

Illustrated notes

Levels and vault maps discovered:
D:1:      amcnicky_arrival_single_pillar, layout_basic,
          hellmonk_ecumenical_altar_arch_garden, patterned_corridor

Skill      XL: |  1  2 |
---------------+-------+-----
Throwing       | 2 |  2.0
Long Blades    | 3 |  3.1
Dodging        | 3 |  3.0
Fighting       | |  2.1

Action                   || total
-------------------------++-------
Melee: Long sword        ||    34
  Use: Scroll            ||     2
Armor: Leather armour    ||    15
Dodge: Dodged            ||    35

Table legend: (Time is in decaauts)
 A = Elapsed time spent in this place.
 B = Non-inter-level travel time spent in this place.
 C = Inter-level travel time spent in this place.
 D = Time resting spent in this place.
 E = Time spent auto-exploring this place.
 F = Levels seen in this place.
 G = Mean time per level.
                   A        B        C        D        E       F      G
               +--------+--------+--------+--------+--------+-----+--------+
         Total |   1072 |   1072 |      0 |      0 |    878 |   1 | 1072.0 |
       Dungeon |   1072 |   1072 |      0 |      0 |    878 |   1 | 1072.0 |
               +--------+--------+--------+--------+--------+-----+--------+

Top non-repeatable levels by time:
     D:1: 1072 daAuts
